AoeStats
← hongiutradepbove

Black Forest

510113606Analyzed
4v4 RM · 2d ago on Sep 29, 2026· 37m 44s· 8 players
Game mode
Random Map
Map size
Large (8 player)
Population
200
Speed
Normal
Resources
Standard
Victory
Conquest
Starting age
Dark Age
Ending age
Imperial Age
RankedLock teamsTeams togetherTeam positionsShared explorationLock speedFull tech treeHidden civsTurbo modeCheats
Victory
Defeat
🇹🇷 Malay · Türkiye
1485
+14
🇪🇸 Saracens · Spain
1390
+18
🇻🇳 Ethiopians · Vietnam
1374
+19
🇻🇳 Lithuanians · Vietnam
1365
+18
🇨🇳 Berbers · China
1478
-19
🇻🇳 Persians · Vietnam
1448
-18
🇨🇳 Varangians · China
1429
-17
1384
-15
李雾月
0:29 Loom
11:33 Feudal Age
15:08 Castle Age
13:34 Double-Bit Axe
13:41 Horse Collar
20:40 Wheelbarrow
27:43 Fervor
29:59 Devotion
30:55 Gold Mining
31:57 Bow Saw
hongiutradepbove
10:49 Feudal Age
14:28 Castle Age
12:26 Double-Bit Axe
15:37 Bow Saw
16:39 Fishing Lines
17:53 Wheelbarrow
17:03 Town Watch
17:52 Gillnets
19:11 Loom
19:11 Horse Collar
22:56 Scale Barding Armor
22:50 Gold Mining
23:10 Town Watch
23:43 Forging
24:34 Chain Barding Armor
24:38 Bloodlines
28:25 Hand Cart
31:12 Imperial Age
29:26 Gold Shaft Mining
30:29 Iron Casting
30:17 Husbandry
31:25 Town Patrol
32:04 Plate Barding Armor
30:51 Cavalier
32:42 Blast Furnace
34:18 Savar
35:37 Devotion
あおぞら ひかり
2:32 Loom
12:20 Feudal Age
13:31 Double-Bit Axe
16:14 Castle Age
14:25 Horse Collar
14:36 Gold Mining
14:44 Stone Mining
15:55 Town Watch
17:28 Bow Saw
19:34 Wheelbarrow
18:44 Fishing Lines
19:11 Heavy Plow
22:43 Gold Shaft Mining
22:10 Gillnets
28:04 Imperial Age
26:31 Fletching
27:33 Bodkin Arrow
27:39 Padded Archer Armor
27:50 Bloodlines
27:41 Husbandry
28:03 Ballistics
29:13 Conscription
28:55 Bracer
29:56 Chemistry
29:39 Leather Archer Armor
30:28 Elite Mangudai
31:15 Capped Ram
32:37 Parthian Tactics
33:33 Thumb Ring
33:52 Drill
34:01 Siege Ram
36:39 Onager
勇敢牛牛
0:34 Loom
11:38 Feudal Age
13:25 Double-Bit Axe
16:32 Castle Age
22:12 Bow Saw
24:43 Wheelbarrow
25:06 Gold Mining
25:50 Hand Cart
30:05 Imperial Age
27:58 Scale Barding Armor
28:03 Forging
29:02 Chain Barding Armor
29:02 Bloodlines
28:52 Husbandry
30:43 Husbandry
30:59 Horse Collar
32:22 Plate Barding Armor
32:14 Heavy Camel Rider
33:45 Iron Casting
36:52 Gold Shaft Mining
37:35 Blast Furnace
VaultBoy
5:40 Loom
12:03 Feudal Age
12:46 Double-Bit Axe
15:58 Castle Age
17:13 Bow Saw
20:19 Wheelbarrow
21:20 Fishing Lines
23:47 Stone Mining
23:47 Gold Mining
26:09 Gold Shaft Mining
25:38 Gillnets
29:27 Imperial Age
26:58 Horse Collar
27:37 Forging
27:50 Scale Barding Armor
28:53 Iron Casting
29:24 Bloodlines
29:14 Husbandry
31:17 Blast Furnace
30:41 Elite Mameluke
31:51 Chain Barding Armor
34:04 Plate Barding Armor
34:01 Conscription
34:47 Fletching
35:06 Onager
37:58 Chemistry
37:04 Siege Engineers
37:44 Hand Cart
Apep
0:58 Loom
13:35 Feudal Age
13:34 Double-Bit Axe
16:00 Fishing Lines
17:25 Gold Mining
20:16 Castle Age
20:10 Bow Saw
24:18 Imperial Age
22:28 Fletching
24:02 Wheelbarrow
24:47 Chemistry
23:45 Bodkin Arrow
23:53 Crossbowman
24:06 Pikeman
24:09 Elite Skirmisher
26:15 Padded Archer Armor
28:35 Ballistics
28:54 Crossbowman
30:17 Bracer
30:34 Leather Archer Armor
30:36 Arbalester
32:49 Ring Archer Armor
35:47 Thumb Ring
36:30 Horse Collar
37:48 Guilds
37:39 Caravan
mryendl2410
12:12 Feudal Age
16:06 Castle Age
13:53 Double-Bit Axe
14:21 Horse Collar
14:32 Gold Mining
14:35 Fletching
16:18 Crossbowman
17:05 Bodkin Arrow
21:04 Padded Archer Armor
24:54 Ballistics
27:22 Leather Archer Armor
29:30 Wheelbarrow
32:24 Imperial Age
31:05 Bow Saw
32:27 Thumb Ring
33:26 Bracer
34:29 Chemistry
35:47 Arbalester
piecardinap
8:27 Loom
12:42 Feudal Age
14:17 Horse Collar
14:50 Double-Bit Axe
18:07 Castle Age
17:11 Gold Mining
21:37 Wheelbarrow
22:53 Scale Barding Armor
25:10 Hand Cart
25:06 Bow Saw
28:35 Bloodlines
29:55 Chain Barding Armor
29:37 Husbandry
32:17 Imperial Age
30:47 Stone Mining
31:25 Forging
31:04 Light Cavalry
33:33 Plate Barding Armor
32:21 Cavalier
33:38 Iron Casting
34:05 Paladin
Connection lost

Rejoining the realm…

Still unreachable

The connection could not be restored.

Session expired

The server has moved on; the page needs a fresh start.